 Dungeon Crawl Stone Soup version 0.28-a0-664-gc179e30c89 (webtiles) character file.

Game seed: 4465780070348256475

3412 andesha the Basher (level 9, 77/77 (85) HPs)
             Began as a Minotaur Berserker on Oct 16, 2021.
             Was an Elder of Trog.
             Got out of the dungeon alive.
             The game lasted 00:16:25 (6981 turns).

andesha the Basher (Minotaur Berserker)             Turns: 6981, Time: 00:16:25

HP:   77/77 (85)    AC: 15    Str: 24      XL:     9   Next: 76%
MP:   8/8           EV: 12    Int:  0 (2)  God:    Trog [****..]
Gold: 736           SH:  0    Dex:  9 (11) Spells: 8/8 levels left

rFire   . . .      SeeInvis .   f - +6 club (flame)
rCold   + . .      Faith    .   (no shield)
rNeg    . . .      Spirit   .   e - +3 ring mail {rC+}
rPois   .          Reflect  .   (helmet restricted)
rElec   .          Harm     .   h - +2 cloak {rCorr}
rCorr   +          Rampage  .   i - +0 pair of gloves
Will    +....                   x - +0 pair of boots
Stlth   ++........              (no amulet)
HPRegen 0.22/turn               (no ring)
MPRegen 0.11/turn               (no ring)

@: slowed, lost intelligence, drained, unable to read, very slow
A: horns 2, retaliatory headbutt, dopey 1, strong-willed 1, sturdy frame 1
a: Renounce Religion, Berserk, Trog's Hand, Brothers in Arms


You escaped.
You worshipped Trog.
Trog was greatly pleased with you.
You visited 1 branch of the dungeon, and saw 7 of its levels.
You also visited: Sewer.

You collected 736 gold pieces.

Inventory:

Hand Weapons
 f - a +6 club of flaming (weapon)
Armour
 e - a +3 ring mail of cold resistance (worn)
 h - a +2 cloak of preservation (worn)
 i - a +0 pair of gloves (worn)
 x - a +0 pair of boots (worn)
Jewellery
 z - a ring of flight
Wands
 q - a wand of mindburst (8)
 u - a wand of acid (12)
Scrolls
 b - a scroll of magic mapping {unknown}
 k - a scroll of amnesia {unknown}
 l - 2 scrolls of teleportation
Potions
 a - a potion of cancellation {unknown}
 c - 2 potions of flight
 d - 3 potions of haste
 g - 3 potions of might
 j - 2 potions of heal wounds
 o - a potion of curing
Miscellaneous
 B - a box of beasts


   Skills:
 * Level 10.1 Fighting
 + Level 10.5 Maces & Flails
 + Level 7.5 Armour
 + Level 5.2 Dodging
 + Level 2.6 Stealth


You had 8 spell levels left.
You didn't know any spells.
Your spell library was empty.

Dungeon Overview and Level Annotations

Branches:
Dungeon (7/15)             Temple (0/1) D:7           Sewer (visited)

Altars:
Okawaru
Wu Jian
Yredelemnul

Shops:
D:6 !


Innate Abilities, Weirdness & Mutations

You have a pair of horns on your head.
You reflexively headbutt those who attack you in melee.
You are dopey. (Int -2)
You are strong-willed. (Will+)
Your movements are slightly less encumbered by armour. (ER -2)


Message History

Done waiting.
You now have 736 gold pieces (gained 14).
You start waiting.
Done waiting.
You open the door.
There is an open door here.
There is a stone staircase leading down here.
There is an open door here.
Done exploring.
(D) Dungeon (T) Temple
Where to? (Enter - D:7 @ (x,y), ? - help)
What level of the Dungeon? (default 1, ? - help)
There is a stone staircase leading up here.
You climb upwards.
There is a stone staircase leading down here.
There is a stone staircase leading up here.
You climb upwards.
There is a stone staircase leading down here.
There is an open door here.
There is an open door here.
There is a stone staircase leading up here.
You climb upwards.
There is a stone staircase leading down here.
There is a stone staircase leading up here.
You climb upwards.
There is a stone staircase leading down here.
There is a stone staircase leading up here.
You climb upwards.
There is a stone staircase leading down here.
Things that are here:
a +0 dagger; a +0 helmet; a +0 animal skin
Items here: )))).
There is a stone staircase leading up here.
You climb upwards.
There is a stone staircase leading down here.
There is a staircase leading out of the dungeon here.
You can't go down here!
You can't go down here!
Are you sure you want to leave the Dungeon?
This will make you lose the game!
You have escaped!

#..†...##≈≈≈≈≈≈.≈≈≈...# #.#
#.#.##.#≈≈≈≈≈≈.≈≈≈≈≈#.# #.#
#.#.##.≈≈≈≈≈≈≈.≈≈≈≈≈≈.####.#
#.#...≈≈≈8≈≈≈≈≈.≈≈8≈≈≈.....#
#.####≈≈≈≈≈≈≈≈≈≈.≈≈≈≈≈######
#.....≈≈≈≈≈≈≈≈≈≈.≈≈≈≈≈#
######≈≈≈≈≈≈≈≈≈≈.≈≈≈≈≈#
#≈≈≈≈≈≈≈>..≈≈≈≈≈≈#
#≈≈≈≈≈≈..@≈≈≈≈≈≈≈#
#≈≈≈≈≈.≈≈≈≈≈≈≈≈≈≈##
#≈≈≈≈≈.≈≈≈≈≈≈≈≈≈≈.#
#≈≈≈≈≈.≈≈≈≈≈≈≈≈≈≈.#
#≈≈≈8≈≈.≈≈≈≈≈8≈≈≈.#
##≈≈≈≈≈≈.≈≈≈≈≈≈≈#.#
#####≈≈≈≈≈.≈≈≈≈≈≈...#
#.....≈≈≈.≈≈≈≈≈≈.####
#.######......#.#######


There were no monsters in sight!

Vanquished Creatures
  Pikel (D:5)
  Menkaure (D:4)
  A water moccasin (D:5)
  2 necrophages (D:6)
  2 ice beasts (D:5)
  2 centaurs
  3 phantoms
  2 bullfrogs
  4 scorpions
  A wyvern skeleton (D:7)
  2 water moccasin zombies (D:5)
  2 water moccasin skeletons
  9 wights
  2 howler monkeys (D:5)
  2 centaur zombies (D:6)
  2 jellies
  2 bullfrog zombies
  3 hounds
  An orc priest (D:7)
  Crazy Yiuf (D:7)
  2 bullfrog skeletons
  A centaur skeleton (D:7)
  2 gnoll shamans
  4 iguanas
  Terence (D:2)
  2 hound skeletons
  Robin (D:2)
  12 gnolls
  7 adders
  2 white imps
  An ufetubus (D:4)
  An adder skeleton (D:2)
  2 worms (D:2)
  3 dart slugs
  10 orcs
  7 ball pythons
  5 bats
  4 endoplasms
  7 giant cockroaches
  6 goblins
  12 hobgoblins
  4 jackals
  4 kobolds
  6 quokkas
  6 frilled lizards
  3 rats
160 creatures vanquished.

Notes
Turn   | Place    | Note
-------+----------+-------------------------------------------
     0 | D:1      | andesha the Minotaur Berserker began the quest for the Orb.
     0 | D:1      | Reached XP level 1. HP: 19/19 MP: 0/0
   220 | D:1      | Reached XP level 2. HP: 18/27 MP: 1/1
  1371 | D:2      | Noticed Robin
  1374 | D:2      | Reached XP level 3. HP: 34/34 MP: 2/2
  1384 | D:2      | Reached ** piety under Trog
  1387 | D:2      | Killed Robin
  1572 | D:2      | Noticed Terence
  1578 | D:2      | Killed Terence
  1579 | D:2      | Reached skill level 5 in Fighting
  1579 | D:2      | Reached XP level 4. HP: 42/42 MP: 3/3
  2081 | D:2      | Reached skill level 5 in Maces & Flails
  2081 | D:2      | Reached XP level 5. HP: 45/48 MP: 4/4
  2617 | D:4      | Found a basalt altar of Yredelemnul.
  2689 | D:4      | Found an ornate altar of the Wu Jian Council.
  2883 | D:4      | Reached XP level 6. HP: 57/57 MP: 5/5
  3165 | D:4      | Noticed Menkaure
  3174 | D:4      | Killed Menkaure
  3376 | D:5      | Entered Level 5 of the Dungeon
  3381 | D:5      | Reached skill level 1 in Stealth
  3381 | D:5      | Reached XP level 7. HP: 64/64 MP: 6/6
  3477 | D:5      | Reached *** piety under Trog
  3542 | D:5      | Reached skill level 5 in Armour
  3660 | D:5      | Found a glowing drain.
  3671 | Sewer    | Entered a sewer
  3978 | D:5      | Reached XP level 8. HP: 73/73 MP: 7/7
  3999 | D:5      | Noticed Pikel
  4011 | D:5      | Killed Pikel
  4358 | D:5      | Reached **** piety under Trog
  4359 | D:5      | Reached XP level 9. HP: 67/82 MP: 8/8
  4659 | D:6      | Found Eqism's Distillery.
  5202 | D:7      | Identified a scroll of acquirement
  5202 | D:7      | Acquired 363 gold pieces
  5284 | D:7      | Gained mutation: You are dopey. (Int -2) [potion of
                  | mutation]
  5284 | D:7      | Gained mutation: Your movements are slightly less
                  | encumbered by armour. (ER -2) [potion of mutation]
  5284 | D:7      | Gained mutation: You are strong-willed. (Will+) [potion of
                  | mutation]
  5373 | D:7      | Reached skill level 10 in Maces & Flails
  5378 | D:7      | Lost intelligence.
  5752 | D:7      | Found a staircase to the Ecumenical Temple.
  5885 | D:7      | Found a runed translucent door.
  5886 | D:7      | Noticed Crazy Yiuf
  5912 | D:7      | Reached skill level 5 in Dodging
  5945 | D:7      | Killed Crazy Yiuf
  6172 | D:7      | Found an iron altar of Okawaru.
  6209 | D:7      | Reached skill level 10 in Fighting
  6981 | D:$      | Got out of the dungeon alive.

Illustrated notes

Levels and vault maps discovered:
D:1:      nzn_arrival_water_spiral, layout_loops_corners
D:2:      layout_loops_ring, nrook_loot_triangle, minmay_tripent, uniq_robin,
          uniq_terence
D:3:      layout_rooms, kennysheep_generic_room_13
D:4:      layout_loops_ring, mainiacjoe_overflow_small_starburst,
          nicolae_overflow_hidden_temple, chequers_serial_rivers_large_b,
          uniq_menkaure
D:5:      minmay_octagon_keep, layout_rooms, portal_sewer_entry_d,
          grunt_ministairs_4, uniq_pikel
D:6:      layout_cave_pools, serial_shops, nicolae_stop_n_shop_2
D:7:      layout_gridville, okawaru_altar_gauntlet_db,
          minmay_temple_entry_nine_rooms, minmay_misc_feat_nine_boxes,
          uniq_crazy_yiuf_cottage

Skill      XL: |  1  2  3  4  5  6  7  8  9 |
---------------+----------------------------+-----
Fighting       | 4 5 6 7 8 10 | 10.1
Maces & Flails | 4 5 6 7 9 10 | 10.5
Armour         | 3 4 5 6 7 |  7.5
Stealth        | 1 2 |  2.6
Dodging        | 3 4 5 |  5.2

Action                   |  1- 3 |  4- 6 |  7- 9 || total
-------------------------+-------+-------+-------++-------
Melee: Mace              |    60 |       |       ||    60
       Headbutt          |    13 |    15 |    33 ||    61
       Club              |     6 |    61 |   219 ||   286
Invok: Berserk           |     1 |     1 |     1 ||     3
  Use: Scroll            |       |       |     8 ||     8
       Potion            |       |       |    15 ||    15
Armor: Animal skin       |     9 |       |       ||     9
       Leather armour    |     4 |       |       ||     4
       Ring mail         |    10 |    27 |   112 ||   149
Dodge: Dodged            |    37 |    21 |   125 ||   183

Table legend: (Time is in decaauts)
 A = Elapsed time spent in this place.
 B = Non-inter-level travel time spent in this place.
 C = Inter-level travel time spent in this place.
 D = Time resting spent in this place.
 E = Time spent auto-exploring this place.
 F = Levels seen in this place.
 G = Mean time per level.
                   A        B        C        D        E       F      G
               +--------+--------+--------+--------+--------+-----+--------+
         Total |   7851 |   7478 |    373 |    952 |   5168 |   8 |  981.4 |
       Dungeon |   7557 |   7184 |    373 |    952 |   5030 |   7 | 1079.6 |
         Sewer |    294 |    294 |      0 |      0 |    138 |   1 |  294.0 |
               +--------+--------+--------+--------+--------+-----+--------+

Top non-repeatable levels by time:
     D:7: 2388 daAuts
     D:1: 1146 daAuts
     D:2: 1096 daAuts
     D:5: 1059 daAuts
     D:4: 868 daAuts
     D:6: 543 daAuts
     D:3: 455 daAuts
   Sewer: 294 daAuts
